Map: Sito di ricerca JD-2

Players

Zorashi - Winner!

  • Race: Terran Terran
  • Spawn Location: 3:00

Jhyrachy - Winner!

  • Race: Zerg Zerg
  • League: Gold
  • Spawn Location: 12:00

codebreaker - Winner!

  • Race: Zerg Zerg
  • Spawn Location: 12:00

Funbolzer - Winner!

  • Race: Protoss Protoss
  • Spawn Location: 1:00

pitch

  • Race: Terran Terran
  • Spawn Location: 6:00

Koko

  • Race: Terran Terran
  • League: Gold
  • Spawn Location: 6:00

Julinho

  • Race: Zerg Zerg
  • Spawn Location: 7:00

Tibi

  • Race: Zerg Zerg
  • Spawn Location: 7:00

VOD

Have the link to the VOD?

Description

Time

  • Played on: April 13, 2016, 2:23 p.m.
  • Length: 16:26
Show
View Real Time Build Order
Export as new Build Order

Zorashi Terran - Winner!

Build Orders: MMM Bio 

Get SALT Encoding   

  12  0:01  SCV  
  13  0:14  SCV  
  14  0:23  Supply Depot  
  14  0:26  SCV  
  15  0:49  SCV  
  16  0:54  Barracks  
  16  0:58  Refinery  
  16  1:03  Barracks  
  16  1:15  SCV  
  17  1:25  Barracks  
  17  1:29  Supply Depot  
  17  1:51  Bunker  
  17  1:55  Supply Depot  
  17  2:02  Marine x2  
  19  2:22  Marine x3  
  22  2:28  Orbital Command  
  21  2:41  Marine x2, Barracks Tech Lab  
  23  2:54  Engineering Bay  
  23  2:55  Engineering Bay  
  23  2:59  SCV  
  23  3:03  Barracks Reactor  
  24  3:11  SCV  
  26  3:22  Barracks Tech Lab  
  26  3:24  Marine  
  26  3:28  SCV  
  26  3:33  Supply Depot  
  27  3:38  Refinery  
  27  3:40  SCV  
  28  3:43  Combat Shields  
  28  3:47  Marine x2  
  30  3:52  SCV  
  31  4:06  SCV  
  32  4:12  Marine x4  
  36  4:27  Stimpack  
  36  4:30  Marine x4  
  40  4:39  Terran Infantry Weapons Level 1  
  40  4:48  Marine x4  
  44  5:05  Marine x2  
  44  5:06  Marine  
  47  5:40  Concussive Shells  
  47  5:43  Terran Infantry Armor Level 1  
  47  5:51  Marine  
  47  5:55  Supply Depot x3  
  47  6:16  Marauder x2  
  51  6:21  Supply Depot  
  51  6:22  Supply Depot  
  51  6:23  Supply Depot  
  51  6:48  Factory  
  27  8:05  Marauder x2  
  31  8:26  Marauder x2  
  35  8:31  Command Center  
  35  8:47  Marauder x2  
  39  9:09  Marauder  
  41  9:18  Missile Turret x3  
  41  9:22  Missile Turret  
  41  9:26  Missile Turret  
  41  9:28  SCV  
  41  9:30  Marauder  
  44  9:40  SCV  
  45  9:52  SCV  
  46  9:54  Planetary Fortress  
  46  9:56  Missile Turret x2  
  46  9:57  Missile Turret  
  46  10:04  SCV  
  46  10:07  Missile Turret  
  45  10:16  SCV  
  45  10:19  Factory Tech Lab  
  46  10:25  Factory  
  46  10:39  Sensor Tower  
  46  10:42  SCV  
  47  10:51  Armory  
  47  10:53  Armory  
  47  10:54  SCV  
  48  11:03  Refinery  
  48  11:06  SCV  
  48  11:07  Refinery  
  49  11:15  Sensor Tower  
  49  11:18  SCV  
  50  11:28  Supply Depot  
  50  11:30  Factory Reactor, SCV  
  51  11:44  Terran Vehicle Weapons Level 1, Terran Vehicle And Ship Armor Level 1  
  51  11:49  Widow Mine  
  53  12:17  Widow Mine  
  55  12:36  Widow Mine x2  
  59  12:46  Widow Mine  
  41  13:05  Widow Mine x2  
  45  13:14  Widow Mine  
  47  13:33  Widow Mine x2  
  51  13:42  Terran Vehicle Weapons Level 2  
  51  13:43  Widow Mine, Terran Vehicle And Ship Armor Level 2  
  53  14:02  Widow Mine x2  
  57  14:10  Factory  
  57  14:12  Widow Mine  
  59  14:30  Widow Mine x2  
  63  14:40  Widow Mine  
  57  14:59  Widow Mine x2  
  59  15:12  Factory Reactor  
  59  15:31  SCV  
  60  15:43  SCV  
  61  15:54  Widow Mine x5  
  61  15:55  SCV  
  72  16:07  SCV  
Show
View Real Time Build Order
Export as new Build Order

Jhyrachy Zerg - Winner!

Build Orders: Hatch First 

Get SALT Encoding   

  12  0:01  Drone  
  13  0:12  Drone  
  14  0:17  Overlord  
  14  0:36  Drone x2  
  14  0:37  Drone  
  17  0:59  Drone  
  17  1:01  Hatchery  
  17  1:03  Extractor, Drone  
  17  1:14  Drone  
  18  1:21  Drone  
  19  1:32  Drone  
  20  1:42  Spawning Pool  
  20  1:43  Drone  
  20  1:58  Drone  
  21  2:15  Extractor  
  20  2:16  Drone x3  
  23  2:25  Overlord  
  23  2:42  Queen x2  
  27  2:47  Drone  
  27  2:49  Overlord x2  
  28  3:09  Drone x3  
  28  3:11  Drone x3  
  34  3:26  Lair  
  34  3:35  Extractor  
  34  3:36  Drone  
  34  3:37  Drone x3  
  34  3:38  Extractor  
  36  3:54  Drone x6  
  42  4:15  Overlord  
  42  4:16  Overlord x2  
  42  4:32  Spire  
  41  4:49  Overlord  
  41  5:39  Hatchery  
  40  5:43  Mutalisk x12  
  40  5:44  Mutalisk  
  40  5:48  Drone  
  40  5:49  Drone x8  
  75  5:59  Overlord x2  
  75  6:17  Queen  
  77  8:06  Drone  
  77  8:07  Drone x10  
  88  8:14  Hydralisk Den  
  88  8:18  Evolution Chamber  
  86  8:22  Evolution Chamber  
  86  8:26  Drone x3  
  89  8:27  Drone  
  89  8:30  Extractor  
  89  8:32  Extractor, Queen  
  89  8:33  Queen  
  91  8:38  Drone  
  91  8:39  Drone x4  
  91  8:40  Drone  
  97  8:45  Lurker Den  
  97  8:47  Zerg Missile Weapons Level 1  
  97  8:48  Zerg Ground Armor Level 1  
  97  9:23  Overlord x4  
  97  9:28  Pneumatized Carapace  
  97  9:36  Overlord x3  
  97  9:44  Zerg Flyer Armor Level 1  
  97  9:58  Mutalisk x12  
  97  9:59  Mutalisk x5  
  131  10:20  Overlord x4  
  131  10:30  Infestation Pit  
  131  10:34  Spire  
  129  10:50  Mutalisk  
  129  10:51  Mutalisk x10  
  129  10:54  Overlord x2  
  129  10:55  Overlord  
  151  11:10  Zerg Missile Weapons Level 2, Zerg Ground Armor Level 2  
  151  11:37  Hive  
  151  11:40  Zerg Flyer Armor Level 2  
  151  11:47  Zerg Flyer Weapons Level 1  
  149  11:55  Muscular Augments  
  149  12:00  Roach Warren  
  138  14:05  Zerg Flyer Weapons Level 2  
  138  14:15  Ultralisk Cavern  
  137  14:17  Hatchery  
  137  14:18  Extractor  
  137  14:20  Extractor  
  134  14:25  Mutalisk  
  134  14:26  Mutalisk x11  
  134  14:29  Overlord x3  
  158  14:39  Metabolic Boost  
  152  16:10  Hatchery  
  151  16:11  Extractor  
  151  16:13  Extractor  
Show
View Real Time Build Order
Export as new Build Order

codebreaker Zerg - Winner!

Build Orders: Pool First, Lurkers, Zergling Baneling 

Get SALT Encoding   

  12  0:37  Drone  
  13  0:46  Spawning Pool  
  12  0:55  Drone  
  12  0:56  Hatchery  
  12  1:06  Drone  
  12  1:07  Drone  
  14  1:27  Extractor  
  13  1:33  Drone  
  13  1:39  Extractor  
  13  1:40  Drone  
  13  1:44  Overlord  
  14  2:01  Queen  
  14  2:04  Drone  
  14  2:05  Drone  
  14  2:08  Drone  
  19  2:13  Queen  
  21  2:22  Metabolic Boost  
  21  2:29  Drone  
  22  2:33  Drone  
  23  2:37  Drone  
  24  2:50  Baneling Nest  
  23  2:52  Drone  
  23  2:55  Drone  
  25  3:01  Drone  
  25  3:04  Drone  
  27  3:11  Overlord  
  27  3:22  Drone  
  28  3:33  Zergling x4  
  28  3:34  Zergling x8  
  32  3:38  Zergling x2  
  32  3:41  Zergling x2  
  36  3:47  Overlord  
  36  3:57  Spore Crawler  
  36  4:00  Spore Crawler  
  34  4:03  Zergling x4  
  36  4:13  Zergling x6  
  36  4:17  Baneling x4  
  39  4:19  Baneling  
  39  4:21  Baneling  
  39  4:22  Baneling  
  39  4:27  Baneling  
  39  4:28  Baneling x3  
  39  4:30  Baneling  
  28  5:15  Zergling x2  
  28  5:16  Zergling x14  
  28  5:17  Zergling x6  
  28  5:19  Lair  
  37  5:33  Drone x2  
  39  5:56  Zergling x6  
  39  5:57  Zergling x4  
  44  5:58  Overlord x2  
  44  5:59  Overlord  
  44  6:18  Evolution Chamber  
  44  6:23  Baneling x3, Hydralisk Den  
  44  6:24  Baneling x5  
  42  6:27  Drone x2  
  42  6:28  Drone  
  45  6:41  Drone x4  
  49  6:47  Extractor  
  49  6:48  Extractor  
  47  6:54  Lurker Den  
  47  6:58  Drone  
  48  7:14  Drone x2  
  48  7:15  Drone x4  
  54  7:17  Drone  
  53  7:49  Drone x8  
  53  7:50  Drone x4  
  65  7:54  Zerg Ground Armor Level 1  
  65  7:56  Centrifical Hooks  
  65  8:22  Overlord x4  
  65  8:23  Overlord x2  
  65  8:35  Hatchery  
  64  8:52  Evolution Chamber  
  63  8:59  Hydralisk x6  
  63  9:00  Hydralisk  
  63  9:01  Hydralisk  
  79  9:04  Hydralisk  
  81  9:10  Muscular Augments  
  81  9:20  Zerg Melee Weapons Level 1  
  81  9:32  Hydralisk x5  
  81  9:33  Hydralisk  
  93  9:44  Lurker  
  93  9:45  Lurker x4  
  98  9:48  Hydralisk x2  
  102  9:53  Drone x3  
  105  10:02  Overseer  
  105  10:33  Overlord  
  105  10:34  Overlord x6  
  105  10:35  Overlord x4  
  105  10:50  Zerg Ground Armor Level 2  
  105  10:57  Infestation Pit  
  104  11:05  Extractor  
  104  11:06  Extractor  
  104  11:07  Spore Crawler  
  104  11:09  Spore Crawler x2  
  104  11:10  Spore Crawler  
  98  11:12  Spore Crawler x2  
  98  11:15  Spine Crawler  
  98  11:17  Spine Crawler  
  94  11:19  Queen  
  94  11:22  Drone  
  97  11:39  Hive  
  97  11:42  Burrow  
  97  11:48  Zerg Melee Weapons Level 2  
  80  12:14  Hydralisk x4  
  80  12:15  Hydralisk x4  
  96  12:46  Drone x3  
  96  12:47  Drone x6  
  96  12:48  Drone x7  
  112  13:17  Hydralisk x2  
  112  13:18  Hydralisk x5  
  112  13:19  Hydralisk  
  128  13:26  Zerg Missile Weapons Level 1  
  128  13:32  Adrenal Glands  
  128  13:33  Infestor  
  128  13:34  Drone  
  120  14:26  Hydralisk x3  
  120  14:27  Hydralisk x7  
  120  14:28  Hydralisk x3  
  134  15:35  Hydralisk x3  
  132  15:36  Hydralisk x6  
  150  15:52  Zergling x6  
Show
View Real Time Build Order
Export as new Build Order

Funbolzer Protoss - Winner!

Build Orders:  

Get SALT Encoding   

  12  0:05  Probe (Chrono Boost)  
  13  0:15  Probe (Chrono Boost)  
  13  0:20  Pylon  
  14  0:26  Probe (Chrono Boost)  
  15  0:40  Gateway  
  15  0:42  Probe (Chrono Boost)  
  16  0:48  Assimilator  
  16  0:52  Probe (Chrono Boost)  
  17  1:03  Probe (Chrono Boost)  
  18  1:10  Gateway  
  18  1:16  Pylon  
  18  1:37  Cybernetics Core  
  18  1:38  Zealot  
  20  1:42  Probe (Chrono Boost)  
  20  1:47  Assimilator  
  21  1:52  Probe (Chrono Boost)  
  22  2:05  Zealot (Chrono Boost)  
  24  2:18  Twilight Council  
  24  2:19  Adept (Chrono Boost)  
  26  2:23  Pylon  
  28  2:30  Adept (Chrono Boost)  
  28  2:35  Warp Gate (Chrono Boost)  
  28  2:43  Adept  
  30  2:56  Adept  
  30  2:57  Resonating Glaives (Chrono Boost)  
  32  3:10  Adept  
  34  3:23  Adept  
  36  3:33  Probe  
  37  3:37  Adept  
  39  3:48  Nexus  
  39  3:57  Pylon  
  39  4:15  Probe  
  40  4:30  Charge (Chrono Boost)  
  40  4:37  Gateway  
  40  4:38  Gateway  
  40  5:01  Pylon  
  21  6:02  Robotics Facility  
  21  6:03  Zealot x2  
  25  6:08  Blink (Chrono Boost)  
  25  6:10  Zealot  
  25  6:11  Zealot  
  29  6:12  Probe  
  32  6:18  Mothership Core  
  32  6:23  Probe  
  33  6:31  Forge  
  33  6:33  Probe  
  33  6:35  Forge  
  34  6:42  Robotics Facility  
  34  6:44  Probe  
  34  6:46  Probe  
  36  6:54  Probe  
  36  6:55  Assimilator  
  36  7:00  Assimilator  
  37  7:16  Stalker  
  37  7:17  Stalker x2  
  37  7:20  Stalker  
  45  7:35  Probe  
  46  7:46  Probe  
  46  7:47  Protoss Ground Weapons Level 1 (Chrono Boost)  
  46  7:49  Observer  
  48  7:56  Probe  
  49  8:07  Probe  
  50  8:18  Probe  
  51  8:21  Robotics Bay  
  51  8:25  Protoss Shields Level 1 (Chrono Boost)  
  51  8:30  Probe  
  51  8:32  Immortal  
  56  8:42  Probe  
  57  8:54  Probe  
  58  9:06  Probe  
  58  9:08  Extended Thermal Lance  
  59  9:15  Pylon  
  59  9:18  Probe  
  60  9:24  Pylon  
  60  9:29  Pylon  
  60  9:45  Nexus  
  60  10:05  Stargate  
  60  10:06  Pylon  
  60  10:17  Colossus  
  66  10:22  Protoss Ground Weapons Level 2 (Chrono Boost)  
  66  10:24  Protoss Shields Level 2 (Chrono Boost)  
  66  10:30  Zealot x3  
  66  10:31  Zealot  
  74  10:47  Assimilator  
  74  10:51  Assimilator  
  74  10:53  Fleet Beacon  
  74  11:00  Colossus  
  80  11:07  Probe  
  81  11:17  Probe  
  82  11:28  Probe  
  82  11:31  Colossus  
  89  11:38  Probe  
  96  11:49  Probe  
  97  12:00  Probe  
  90  12:10  Probe  
  91  12:18  Zealot  
  91  12:19  Zealot x3  
  91  12:21  Probe  
  100  12:25  Mothership Core  
  100  12:27  Colossus  
  108  12:31  Probe  
  105  12:42  Probe  
  106  12:52  Probe  
  88  14:00  Zealot x4  
  88  14:02  Colossus x2  
  108  14:10  Pylon  
  108  14:12  Probe  
  108  14:13  Pylon x2  
  108  14:14  Pylon  
  109  14:17  Pylon  
  109  14:18  Pylon  
  109  14:27  Probe  
  104  14:50  Stalker x4  
  112  14:56  Gateway  
  112  14:58  Gateway  
  112  15:01  Gateway  
  112  15:04  Gateway  
  112  15:08  Photon Cannon  
  112  15:09  Photon Cannon  
  112  15:12  Photon Cannon  
  112  15:14  Photon Cannon  
  112  15:39  Stalker x4  
  120  15:54  Nexus  
  120  16:16  Zealot x5  
  120  16:17  Zealot x3  
Show
View Real Time Build Order
Export as new Build Order

pitch Terran 

Build Orders: MMM Bio 

Get SALT Encoding   

  12  0:02  SCV  
  13  0:17  SCV  
  14  0:22  Supply Depot  
  14  0:29  SCV  
  15  0:44  SCV  
  15  0:47  Barracks  
  16  0:56  SCV  
  17  1:08  SCV  
  18  1:20  SCV  
  18  1:24  Barracks  
  19  1:28  Supply Depot  
  19  1:32  SCV  
  20  1:48  Marine  
  20  1:50  Barracks  
  21  2:01  SCV, Barracks  
  21  2:06  Marine  
  23  2:12  Marine  
  25  2:16  Supply Depot  
  25  2:20  Orbital Command  
  24  2:24  Marine  
  25  2:34  Marine  
  26  2:39  Refinery  
  26  2:41  Marine  
  26  2:42  Supply Depot  
  26  2:43  Marine  
  28  2:54  Marine x2  
  30  3:03  Marine  
  31  3:08  SCV  
  31  3:10  Marine  
  33  3:14  Barracks Tech Lab  
  33  3:16  Marine  
  34  3:21  Marine, Supply Depot  
  34  3:23  SCV  
  36  3:27  Marine  
  37  3:43  SCV  
  37  3:47  Marine x2  
  37  3:48  Command Center, Marine x2  
  41  3:53  Combat Shields  
  41  3:55  SCV  
  43  3:59  Refinery  
  43  4:03  Supply Depot  
  43  4:07  SCV  
  44  4:10  Marine x2  
  44  4:12  Marine  
  47  4:20  SCV  
  47  4:22  Marine  
  49  4:28  Marine  
  49  4:30  Supply Depot  
  50  4:33  SCV  
  51  4:45  SCV  
  52  4:50  Refinery  
  52  4:52  Refinery, Barracks Reactor x3  
  52  4:57  SCV  
  53  5:02  Engineering Bay  
  52  5:46  Marine x2  
  52  5:48  Marine x2  
  52  5:49  Marine x3  
  59  5:55  Stimpack  
  59  6:04  Marine x2, Factory  
  59  6:05  SCV  
  59  6:06  Marine x3  
  59  6:07  Marine x2  
  59  6:10  Terran Infantry Weapons Level 1  
  67  6:17  Planetary Fortress, SCV  
  68  6:22  Marine x2  
  68  6:24  Marine  
  71  6:27  Marine  
  71  6:28  Marine  
  71  6:29  SCV  
  74  6:41  SCV  
  75  6:51  Missile Turret  
  75  6:52  Missile Turret  
  75  6:54  Missile Turret  
  75  7:09  Marine  
  75  7:10  Marine x5  
  75  7:11  Marine  
  82  7:27  Marine x2  
  82  7:28  Marine x2  
  86  7:35  Marine  
  86  7:36  Marine x2  
  67  7:45  Marine x2  
  67  7:46  Marine x2  
  71  7:52  Supply Depot  
  71  7:53  Marine x2  
  71  7:54  Marine  
  74  8:00  SCV  
  74  8:03  Marine x3  
  74  8:04  Terran Infantry Armor Level 1, Marine, SCV  
  80  8:11  Marine x2  
  80  8:12  Marine, SCV  
  84  8:14  Supply Depot  
  84  8:21  Marine x4  
  88  8:27  SCV  
  88  8:29  Marine x2  
  88  8:30  Marine  
  92  8:39  Marine x3  
  92  8:40  Command Center, SCV, Factory Tech Lab  
  96  8:42  Supply Depot  
  96  8:53  Starport x2  
  96  8:56  Starport  
  96  9:06  Armory  
  96  9:07  SCV  
  97  9:12  SCV  
  98  9:21  Marine x3  
  98  9:22  Marine x3  
  98  9:23  Marine  
  105  9:24  Refinery, SCV  
  105  9:28  Refinery  
  105  9:30  Supply Depot  
  106  9:36  SCV  
  107  9:39  Marine x3  
  107  9:42  Starport Tech Lab  
  107  9:44  Starport Reactor x2  
  110  9:51  Marine x3, Supply Depot, SCV  
  110  9:52  Supply Depot  
  114  10:10  Missile Turret  
  114  10:12  Missile Turret  
  114  10:13  Missile Turret  
  114  10:15  Missile Turret  
  114  10:17  Missile Turret  
  114  10:18  SCV  
  115  10:24  SCV  
  116  10:29  Missile Turret  
  116  10:30  Missile Turret, SCV  
  114  10:36  SCV  
  116  10:42  SCV  
  116  10:47  Medivac x2  
  116  10:48  SCV  
  121  10:52  Medivac  
  121  10:54  SCV  
  121  10:55  Medivac  
  126  11:01  SCV  
  127  11:25  Terran Infantry Weapons Level 2  
  127  11:27  Engineering Bay  
  127  11:30  Terran Ship Weapons Level 1  
  127  11:32  Supply Depot  
  127  11:34  Medivac x3  
  127  11:36  Marine x4  
  127  11:38  Marine  
  140  11:40  Marauder  
  140  11:51  Supply Depot  
  142  12:01  Marauder  
  89  13:02  Marine, SCV  
  89  13:03  Marine x5  
  89  13:04  Marauder  
  81  13:14  SCV  
  82  13:20  Marine x2  
  82  13:21  Marine x4  
  82  13:24  Command Center  
  82  13:25  Marine, Supply Depot  
  82  13:26  Siege Tank, SCV  
  93  13:36  Factory  
  93  13:38  Marine x2, Supply Depot  
  93  13:39  Marine x4, Factory  
  99  13:42  Orbital Command  
  99  13:43  Marine  
  100  13:56  Marine x3  
  100  13:57  Liberator x3  
  100  13:58  Siege Tank, Liberator  
  100  13:59  Liberator  
  100  14:01  Marauder  
  108  14:08  SCV  
  124  14:20  SCV  
  124  14:23  Marauder  
  127  14:30  Siege Tank  
  130  14:32  SCV  
Show
View Real Time Build Order
Export as new Build Order

Koko Terran 

Build Orders:  

Get SALT Encoding   

  12  0:13  Supply Depot  
  13  0:14  SCV  
  13  0:26  SCV  
  14  0:37  Barracks  
  14  0:38  SCV  
  15  0:54  Barracks  
  15  0:55  SCV  
  16  1:11  SCV  
  16  1:13  Barracks  
  17  1:25  Orbital Command  
  17  1:29  Marine  
  18  1:44  Supply Depot  
  18  1:47  Marine, Supply Depot  
  18  1:53  Marine  
  20  2:02  Marine  
  21  2:08  Supply Depot  
  21  2:30  SCV  
  21  2:33  Refinery  
  21  2:35  Refinery  
  22  2:38  Engineering Bay  
  22  2:40  Marine x3  
  22  2:43  SCV  
  26  3:06  Command Center, SCV  
  27  3:14  Marine x2  
  27  3:15  Marine  
  30  3:20  Missile Turret  
  30  3:22  SCV  
  31  3:34  SCV  
  32  3:38  Factory  
  32  3:46  Barracks Reactor  
  32  3:57  Barracks Tech Lab  
  32  4:01  SCV  
  32  4:02  Barracks Reactor  
  33  4:08  Supply Depot  
  32  4:17  SCV  
  32  4:22  Refinery, Factory Tech Lab  
  33  4:26  Refinery  
  33  4:29  SCV  
  34  4:39  Supply Depot  
  34  4:41  Siege Tank  
  34  4:44  Marine  
  38  4:51  Building Armor  
  38  4:55  SCV  
  39  5:01  Missile Turret  
  30  5:24  Marine x2  
  32  5:30  Siege Tank, SCV  
  32  5:32  Barracks  
  36  5:37  Starport  
  36  5:40  Marine  
  36  5:41  Marine  
  38  5:55  Planetary Fortress  
  38  6:21  Supply Depot  
  38  6:22  Barracks Reactor  
  38  6:23  Supply Depot  
  38  6:24  Marine  
  38  6:25  Marine x2  
  41  6:28  Starport Reactor  
  41  6:30  Siege Tank  
  44  6:42  Marine x2  
  44  6:43  Marine  
  47  6:49  Missile Turret  
  47  7:09  Missile Turret  
  47  7:13  Medivac x2  
  47  7:14  Siege Tank  
  54  7:24  SCV  
  54  7:29  Missile Turret  
  51  7:36  SCV  
  52  7:38  Hi-Sec Auto Tracking  
  52  7:48  SCV  
  52  7:49  Missile Turret  
  53  7:51  Missile Turret  
  53  7:55  Armory  
  53  7:58  Marine x2  
  53  7:59  Marine  
  53  8:00  SCV  
  57  8:14  Missile Turret  
  57  8:23  Siege Tank  
  57  8:25  Medivac x2  
  64  8:36  Missile Turret  
  64  8:41  Missile Turret  
  64  8:45  SCV  
  65  8:57  Marine x2, SCV  
  65  8:58  Marine x3  
  71  9:09  SCV  
  72  9:19  Supply Depot  
  72  9:21  SCV  
  73  9:27  Medivac  
  73  9:28  Medivac  
  77  9:40  Thor  
  77  9:42  Supply Depot  
  77  9:43  Marine x3  
  86  9:45  Combat Shields  
  86  10:03  Marine x2  
  86  10:04  Supply Depot  
  86  10:06  Marine x3  
  91  10:21  Marine x2  
  91  10:23  Marine  
  91  10:25  Marine x2  
  91  10:28  Supply Depot  
  96  10:39  Marine x2  
  96  10:41  Marine  
  99  10:43  Marine  
  99  10:44  Marine  
  101  10:56  Marine, Supply Depot  
  101  10:57  Marine  
  101  10:59  Marine  
  101  11:01  Marine x2  
  106  11:10  Command Center  
  106  11:14  Marine x2  
  106  11:17  Marine  
  109  11:19  Thor  
  115  11:31  Supply Depot  
  59  12:10  Thor  
  59  12:15  Factory  
  65  12:20  Factory  
  65  12:22  Terran Vehicle Weapons Level 1  
  65  12:27  Factory  
  65  12:34  Missile Turret  
  47  12:45  Marine x5  
  46  13:26  Factory Tech Lab x3  
  46  13:29  Thor  
  52  13:35  Factory  
  39  14:00  Thor  
  39  14:01  Thor  
  39  14:02  Thor  
  57  14:03  Viking x2  
  61  14:21  Factory Tech Lab  
  61  14:36  Supply Depot  
  59  14:53  Supply Depot  
  59  15:15  Supply Depot  
  59  15:18  Supply Depot  
  59  15:25  Thor  
Show
View Real Time Build Order
Export as new Build Order

Julinho Zerg 

Build Orders: Pool First 

Get SALT Encoding   

  12  0:02  Drone  
  13  0:12  Overlord  
  13  0:29  Drone  
  13  0:31  Drone x2  
  16  0:45  Spawning Pool  
  16  0:49  Extractor, Drone  
  15  0:59  Drone  
  16  1:13  Drone x2  
  18  1:33  Queen  
  20  1:40  Roach Warren  
  19  1:53  Hatchery, Drone x2  
  20  1:55  Drone  
  21  2:09  Zergling x2  
  22  2:19  Overlord  
  22  2:29  Extractor  
  21  2:31  Overlord  
  21  2:43  Roach  
  23  2:47  Drone x3  
  26  3:02  Drone  
  27  3:07  Metabolic Boost  
  27  3:10  Zergling x4  
  29  3:16  Drone x2  
  29  3:17  Queen  
  33  3:26  Overlord  
  33  3:32  Lair  
  33  3:38  Evolution Chamber  
  32  3:46  Evolution Chamber  
  32  3:47  Drone x2  
  32  3:48  Drone x2  
  35  4:21  Drone x6  
  35  4:22  Drone  
  42  4:28  Zerg Ground Armor Level 1  
  42  4:29  Zerg Melee Weapons Level 1  
  42  4:43  Extractor  
  41  4:49  Extractor  
  40  4:54  Roach x4  
  40  4:56  Overlord x2  
  40  4:57  Overlord  
  48  5:16  Roach x6  
  57  5:46  Drone x5  
  57  5:49  Roach  
  64  5:59  Spire  
  64  6:01  Glial Reconstitution  
  63  6:11  Drone x4  
  67  6:27  Roach x4  
  75  6:37  Spore Crawler  
  75  6:38  Spore Crawler  
  75  6:39  Spore Crawler  
  72  6:43  Spore Crawler x2  
  72  6:45  Hatchery  
  69  6:48  Spore Crawler  
  68  6:56  Spore Crawler  
  68  6:58  Spore Crawler  
  66  7:04  Hydralisk Den  
  65  7:11  Spore Crawler  
  65  7:14  Mutalisk  
  65  7:15  Mutalisk x3  
  72  7:31  Overlord x2  
  72  7:50  Hydralisk  
  72  7:51  Hydralisk  
  74  7:54  Overlord x2  
  76  8:06  Muscular Augments  
  76  8:11  Hydralisk  
  78  8:16  Hydralisk  
  80  8:22  Drone  
  80  8:23  Drone  
  82  8:59  Drone x2  
  82  9:00  Drone x5  
  89  9:16  Hydralisk  
  89  9:19  Drone  
  89  9:20  Overlord x3  
  92  9:27  Zerg Melee Weapons Level 2  
  92  9:31  Zerg Flyer Weapons Level 1  
  90  10:18  Hydralisk x5  
  90  10:19  Hydralisk x4  
  108  10:37  Hatchery  
  107  10:55  Drone  
  107  10:56  Drone x3  
  111  11:11  Hydralisk x2  
  111  11:14  Overlord x2  
  111  11:15  Overlord x2  
  115  11:22  Lair, Infestation Pit  
  114  11:28  Zerg Flyer Armor Level 1  
  114  11:30  Zerg Ground Armor Level 2  
  114  11:42  Mutalisk x2  
  114  11:43  Mutalisk x4  
  114  11:44  Mutalisk x2  
  64  12:15  Hydralisk x8  
  64  12:20  Drone x2  
  58  13:05  Drone x7  
  63  13:06  Drone x2  
  63  13:22  Mutalisk x3  
  69  13:27  Queen  
  69  13:29  Hydralisk x3  
  77  13:48  Hydralisk x5  
  69  13:49  Hydralisk x3  
  35  16:17  Spawning Pool  
Show
View Real Time Build Order
Export as new Build Order

Tibi Zerg 

Build Orders: Pool First 

Get SALT Encoding   

  12  0:08  Drone x2  
  14  0:30  Spawning Pool  
  14  0:32  Drone  
  14  1:02  Hatchery  
  13  1:13  Overlord  
  13  1:26  Spine Crawler  
  13  1:28  Spine Crawler  
  11  1:39  Roach Warren  
  10  1:44  Extractor  
  9  1:48  Drone  
  9  1:49  Drone  
  11  2:09  Drone x2  
  11  2:14  Overlord  
  13  2:22  Drone  
  14  2:28  Roach  
  16  2:38  Roach  
  16  2:42  Roach  
  20  2:50  Roach  
  22  2:58  Drone  
  23  2:59  Drone  
  24  3:14  Queen  
  26  3:26  Queen  
  28  3:31  Drone  
  29  3:38  Drone x2  
  31  3:43  Drone  
  31  3:47  Drone  
  33  3:51  Drone  
  34  4:02  Drone x2  
  36  4:20  Overlord x2  
  36  4:21  Overlord  
  36  4:37  Extractor  
  35  4:41  Roach  
  35  4:42  Roach x5  
  47  4:46  Drone  
  47  4:47  Drone  
  49  4:54  Lair  
  49  5:00  Drone  
  49  5:01  Drone x2  
  46  5:54  Roach  
  46  5:55  Roach x2  
  52  6:05  Overlord x4  
  52  6:06  Overlord  
  52  6:09  Pneumatized Carapace  
  52  6:16  Extractor  
  51  6:18  Extractor  
  51  6:22  Evolution Chamber  
  51  6:25  Glial Reconstitution  
  49  6:27  Evolution Chamber  
  49  6:29  Drone x6  
  50  6:43  Spore Crawler x3  
  50  6:44  Spore Crawler  
  46  6:47  Spore Crawler  
  25  7:44  Spore Crawler  
  25  7:45  Spore Crawler x2  
  25  7:46  Spore Crawler  
  25  7:49  Spore Crawler  
  20  7:55  Spore Crawler  
  20  7:57  Spore Crawler  
  18  9:04  Drone x2  
  18  9:05  Drone  
  21  9:12  Drone  
  23  9:31  Drone  
  23  9:42  Drone  
  24  9:58  Drone  
  26  10:00  Drone  
  26  10:09  Drone  
  27  10:17  Drone  
  28  10:32  Overlord  
  28  10:58  Queen  
  30  11:07  Drone x3  
  33  11:20  Drone x3  
  36  11:37  Overlord  
  36  11:38  Overlord x4  
  36  11:48  Spire  
  35  12:14  Drone x3  
  38  12:19  Drone x3  
  38  12:22  Drone x3  
  36  12:43  Spore Crawler  
  36  12:44  Spore Crawler x2  
  34  12:45  Spore Crawler  
  34  12:49  Spore Crawler  
  28  13:03  Roach x4  
  36  13:13  Mutalisk  
  34  13:32  Mutalisk  
  34  13:33  Mutalisk  
  38  13:38  Mutalisk x3  
Tags
 
Add a new tag
Caveats
  • Supply blocks, unpowered buildings, or Contaminate may cause inaccurate times.
  • Supply counts are checked every 10 seconds.